 Dungeon Crawl Stone Soup version 0.21.0-3-g78d12a8 (webtiles) character file.

149 MDvedh the Chopper (level 5, 0/45 HPs)
             Began as a Hill Orc Monk on Jan 9, 2018.
             Was a Believer of Beogh.
             Slain by an ogre
             ... wielding a +0 giant spiked club
              (9 damage)
             ... on level 3 of the Dungeon.
             The game lasted 00:04:04 (3661 turns).

MDvedh the Chopper (Hill Orc Monk)                  Turns: 3661, Time: 00:04:04

Health: 0/45       AC: 10    Str: 15 (17) XL:     5   Next: 31%
Magic:  6/6        EV:  4    Int:  9 (10) God:    Beogh [**....]
Gold:   120        SH:  0    Dex: 13      Spells: 4/4 levels left

rFire    . . .     SeeInvis .   a - +0 hand axe
rCold    . . .     Gourm    .   (no shield)
rNeg     . . .     Faith    .   d - +0 plate armour
rPois    .         Spirit   .   (no helmet)
rElec    .         Reflect  .   (no cloak)
rCorr    +         Harm     .   (no gloves)
MR       .....                  (no boots)
Stlth    ..........             (no amulet)
HPRegen  0.15/turn              k - +2 ring of strength
MPRegen  0.10/turn              m - ring of resist corrosion

@: no status effects
A: no striking features
a: Smiting, Renounce Religion


You were on level 3 of the Dungeon.
You worshipped Beogh.
Beogh was pleased with you.
You were not hungry.

You visited 1 branch of the dungeon, and saw 4 of its levels.

You collected 120 gold pieces.

Inventory:

Hand Weapons
 a - a +0 hand axe (weapon)
Armour
 b - a +0 robe
 d - a +0 plate armour (worn)
Jewellery
 k - a +2 ring of strength (left hand)
 m - a ring of resist corrosion (right hand)
 p - an uncursed amulet of harm {unknown}
 r - a +5 ring of slaying {unknown}
Scrolls
 e - 4 scrolls of teleportation {unknown}
 g - 3 scrolls of identify
 h - 4 scrolls of magic mapping {unknown}
 i - 2 scrolls of immolation {unknown}
 j - 4 scrolls of remove curse {unknown}
 l - a scroll of amnesia {unknown}
 o - a scroll of enchant weapon {unknown}
Potions
 f - a potion of degeneration
 n - a potion of curing
 q - a potion of might
Comestibles
 c - 12 rations


   Skills:
 - Level 3.6 Fighting
 * Level 7.2 Axes
 + Level 0.6 Armour
 - Level 2.4 Dodging
 - Level 1.5 Stealth
 + Level 2.0 Invocations


You had 4 spell levels left.
You didn't know any spells.

Dungeon Overview and Level Annotations

Branches:
Dungeon (4/15)
 Temple: D:4-7

Altars:
Dithmenos
Makhleb
Vehumet
Xom
Zin

Annotations:
D:4 komo4ek's ghost, novice OpGl


Message History

The gnoll hits you but does no damage. The orc hits you but does no damage.
There is a stone staircase leading up, spattered with blood here.
Unknown command.
The ogre hits you with a giant spiked club!
* * * LOW HITPOINT WARNING * * *
The gnoll barely misses you.
The gnoll hits you from afar with a spear.
* * * LOW HITPOINT WARNING * * *
The orc barely misses you.
The orc wizard casts a spell.
The orc wizard seems to speed up.
You climb upwards.
There is a stone staircase leading down here.
Unknown command.
Unknown command.
As you read the scroll labeled GAEKHI EH XULOSOTS, it crumbles to dust.
It is a scroll of identify.
q - a potion of might The ogre hits you with a giant spiked club!
You die...

####### ######......
############.#.........
#...go@O.......#.......
########....####.##.#.......##
#............(.#.#####.#.#####
#.######....##.........#.# #..
#.# #.#.###########.#.# #..
####[# #.#.# #..###..###.# #..
#....# #.#.####.##.##.##.###..
#.#### #...#_.##)##.##........
#.# #...###.##.##.########.


You could see an ogre, a gnoll and an orc.

Vanquished Creatures
  A worker ant (D:3)
  Natasha (twice) (D:2)
  A gnoll (D:3)
  An adder (D:3)
  2 oozes (D:3)
  An adder skeleton (D:3)
  2 dart slugs
  3 leopard geckos
  A ball python (D:1)
  2 giant cockroaches
  4 goblins
  6 hobgoblins
  6 bats
  A frilled lizard (D:1)
  5 kobolds
  5 rats
43 creatures vanquished.

Vanquished Creatures (others)
  A quokka (D:3)
  A kobold (D:3)
  A rat (D:3)
3 creatures vanquished.

Grand Total: 46 creatures vanquished

Notes
Turn   | Place    | Note
-------+----------+-------------------------------------------
     0 | D:1      | MDvedh the Hill Orc Monk began the quest for the Orb.
     0 | D:1      | Reached XP level 1. HP: 19/19 MP: 1/1
   196 | D:1      | Reached XP level 2. HP: 26/26 MP: 2/2
   329 | D:1      | Reached skill level 5 in Axes
   964 | D:2      | Found a shadowy altar of Dithmenos.
  1087 | D:2      | Found a glowing silver altar of Zin.
  1210 | D:2      | Reached XP level 3. HP: 26/31 MP: 3/3
  1241 | D:2      | Found a shimmering altar of Xom.
  1241 | D:2      | Noticed Natasha
  1253 | D:2      | Killed Natasha
  1253 | D:2      | Reached skill level 6 in Axes
  1446 | D:2      | Found a radiant altar of Vehumet.
  1583 | D:2      | Noticed Natasha
  1595 | D:2      | Killed Natasha
  1595 | D:2      | Reached XP level 4. HP: 29/39 MP: 4/4
  1760 | D:3      | Became a worshipper of Beogh the Brigand
  1760 | D:3      | Reached * piety under Beogh
  1760 | D:3      | Reached ** piety under Beogh
  1862 | D:3      | Reached skill level 1 in Invocations
  1902 | D:3      | Reached skill level 7 in Axes
  2094 | D:3      | Found a burning altar of Makhleb.
  2550 | D:4      | Noticed komo4ek's ghost (novice OpGl)
  3391 | D:4      | Noticed an ogre
  3412 | D:3      | Reached XP level 5. HP: 28/45 MP: 6/6
  3661 | D:3      | Slain by an ogre

Skill      XL: |  1  2  3  4  5 |
---------------+----------------+-----
Axes           | 5 6 7 |  7.2
Invocations    | 1 2 |  2.0
Fighting       | |  3.6
Armour         | |  0.6
Dodging        | |  2.4
Stealth        | |  1.5

Action                   |  1- 3 |  4- 6 || total
-------------------------+-------+-------++-------
Melee: Hand axe          |   101 |   147 ||   248
Invok: Convert to Beogh  |       |     1 ||     1
  Use: Potion            |       |     2 ||     2
       Scroll            |       |     1 ||     1
 Stab: Sleeping          |     1 |       ||     1
  Eat: Chunk             |     1 |     3 ||     4
       Ration            |       |     2 ||     2
Armor: Plate armour      |    80 |   154 ||   234
       Robe              |     2 |       ||     2
Dodge: Dodged            |    15 |    46 ||    61
